 Dungeon Crawl Stone Soup version 0.31-a0-1074-g0b22e4e0f1 (webtiles) character file.

Game seed: 17397181183529097527

373332 Spaninq the Severer (level 22, -21/168 (209) HPs)
             Began as a Hill Orc Reaver on Nov 27, 2023.
             Was the Champion of Qazlal.
             Killed from afar by a Tzitzimitl (30 damage)
             ... with a bolt of negative energy
             ... created by a Zot trap
             ... on level 3 of the Elven Halls on Nov 28, 2023.
             The game lasted 02:47:11 (41713 turns).

Spaninq the Severer (Hill Orc Reaver)              Turns: 41713, Time: 02:47:11

HP:   -21/168 (209) AC: 35    Str: 27      XL:     22   Next: 71%
MP:   1/35          EV: 11    Int: 12 (15) God:    Qazlal [******]
Gold: 2371          SH: 27    Dex: 12      Spells: 25/32 levels left

rFire   + . .        l - +9 broad axe (drain)
rCold   + + .        b - +5 kite shield "Puthroagra" {+Inv rF+ rC+ Str+3}
rNeg    . . .        K - +1 plate armour {rPois}
rPois   +            q - +2 helmet
rElec   +            I - +1 cloak of Refuge {Dex+3}
rCorr   +            M - +0 pair of gloves "Geaner" {-Tele rElec Will++ rCorr}
SInv    .            x - +2 pair of boots {Fly}
Will    +++++        X - amulet of regeneration Stlth
                     n - ring "Soivvaago" {rC+ Will+}
HPRegen 1.28/turn    s - ring of willpower
MPRegen 0.24/turn

%: no teleportation, repel missiles
@: marked, protected from physical damage, flying, studying 3 skills, heavily
drained, invisible
A: screaming 1
}: 2/15 runes: serpentine, barnacled
a: Renounce Religion, Evoke Invisibility, Upheaval, Elemental Force, Disaster
Area


You were on level 3 of the Elven Halls.
You worshipped Qazlal.
Qazlal was exalted by your worship.
You visited 8 branches of the dungeon, and saw 38 of its levels.
You also visited: Ossuary and Ice Cave.

You collected 5157 gold pieces.
You spent 2786 gold pieces at shops.

Inventory:

Hand Weapons
 l - a +9 broad axe of draining (weapon)
 G - a +0 hand axe of flaming
Armour
 b - the +5 kite shield "Puthroagra" (worn) {+Inv rF+ rC+ Str+3}
   (You acquired it on level 5 of the Dungeon)

   Str+3:     It affects your strength (+3).
   rF+:       It protects you from fire.
   rC+:       It protects you from cold.
   +Inv:      It lets you turn invisible.
 q - a +2 helmet (worn)
 x - a +2 pair of boots of flying (worn)
 I - the +1 cloak of Refuge (worn) {Dex+3}
   (You found it on level 14 of the Dungeon)

   Dex+3:     It affects your dexterity (+3).
 K - a +1 plate armour of poison resistance (worn)
 M - the +0 pair of gloves "Geaner" (worn) {-Tele rElec Will++ rCorr}
   (You found it on level 4 of the Snake Pit)

   rElec:     It insulates you from electricity.
   Will++:    It greatly increases your willpower.
   -Tele:     It prevents most forms of teleportation.
   rCorr:     It protects you from acid and corrosion.
Jewellery
 n - the ring "Soivvaago" (left hand) {rC+ Will+}
   (You took it off a deep elf death mage on level 3 of the Elven Halls)

   [ring of willpower]

   rC+:       It protects you from cold.
   Will+:     It increases your willpower.
 r - a ring of poison resistance
 s - a ring of willpower (right hand)
 A - a ring of resist corrosion
 B - a ring of positive energy
 L - a ring of protection from cold
 P - the ring of Kuemezas {Fire rN+ Stlth+}
   (You found it on level 3 of the Lair of Beasts)

   [ring of fire]

   Fire:      It enhances your fire magic.
   rF+:       It protects you from fire.
   rC-:       It makes you vulnerable to cold.
   rN+:       It protects you from negative energy.
   Stlth+:    It makes you more stealthy.
 R - the ring of Balance {rF+++ MP+9 Str+3}
   (You found it on level 4 of the Lair of Beasts)

   [ring of magical power]

   Str+3:     It affects your strength (+3).
   rF+++:     It renders you almost immune to fire.
   MP+9:      It affects your magic capacity (+9).
 X - an amulet of regeneration (around neck)
Wands
 k - a wand of acid (11)
 p - a wand of polymorph (34)
 z - a wand of iceblast (21)
 O - a wand of charming (30)
 Q - a wand of digging (20)
Scrolls
 c - 5 scrolls of enchant armour
 d - 11 scrolls of immolation
 f - 4 scrolls of poison
 u - 24 scrolls of teleportation
 w - 3 scrolls of amnesia
 y - 11 scrolls of blinking
 D - 3 scrolls of revelation
 F - 3 scrolls of fear
 H - 3 scrolls of fog
 S - a scroll of enchant weapon
 U - 3 scrolls of butterflies
 W - 4 scrolls of silence
Potions
 g - 9 potions of might
 h - 3 potions of magic
 i - 3 potions of haste
 j - 17 potions of curing
 m - 9 potions of enlightenment
 o - 3 potions of ambrosia
 t - 11 potions of brilliance
 v - 2 potions of invisibility
 C - a potion of berserk rage
 E - 3 potions of cancellation
 J - 5 potions of mutation
 N - 4 potions of resistance
Miscellaneous
 e - a phantom mirror
 T - a tin of tremorstones (2/2)
 V - a box of beasts (inert)
 Y - a phial of floods (inert)
 Z - a lightning rod (2/4)


   Skills:
 + Level 20.0 Fighting
 + Level 20.8 Axes
 - Level 20.3 Armour
 - Level 10.0 Dodging
 + Level 17.4 Shields
 * Level 5.8 Spellcasting
 - Level 3.0 Conjurations
 * Level 9.4 Translocations
 - Level 19.6 Invocations
 + Level 13.3 Evocations


You had 25 spell levels left.
You knew the following spells:

 Your Spells              Type           Power      Damage    Failure   Level
a - Kiss of Death         Conj/Necr      28%        2d7       52%         1
b - Momentum Strike       Conj/Tloc      36%        3d9       13%         2
c - Passage of Golubria   Tloc           26%        N/A       24%         4

Your spell library contained the following spells:

 Spells                   Type           Power      Damage    Failure   Level
 Apportation              Tloc           52%        N/A       2%          1
 Blink                    Tloc           52%        N/A       3%          2
 Lesser Beckoning         Tloc           52%        N/A       3%          2
 Gell's Gravitas          Tloc           26%        N/A       7%          3
 Teleport Other           Tloc           26%        N/A       7%          3
 Manifold Assault         Tloc           26%        N/A       24%         4
 Magic Dart               Conj           40%        1d5       32%         1
 Volatile Blastmotes      Fire/Tloc      28%        2d12      43%         3
 Searing Ray              Conj           20%        2d5       45%         2
 Iskenderun's Mystic Bla  Conj/Tloc      18%        2d6       65%         4
 Freeze                   Ice            12%        1d3       75%         1
 Dimensional Bullseye     Hex/Tloc       7%         N/A       85%         4
 Cigotuvi's Dreadful Rot  Necr/Pois/Air  6%         N/A       86%         2
 Ensorcelled Hibernation  Hex/Ice        6%         N/A       86%         2
 Jinxbite                 Hex            6%         N/A       86%         2
 Passwall                 Tmut/Erth      2%         N/A       86%         2
 Poisonous Vapours        Pois/Air       6%         N/A       86%         2
 Sublimation of Blood     Necr           3%         N/A       86%         2
 Wereblood                Tmut           3%         N/A       86%         2
 Dazzling Flash           Conj/Hex       14%        N/A       88%         3
 Hailstorm                Conj/Ice       7%         3d4       88%         3
 Stone Arrow              Conj/Erth      14%        3d7       88%         3
 Call Canine Familiar     Summ           3%         N/A       98%         3
 Frozen Ramparts          Ice            6%         1d1       98%         3
 Ignite Poison            Fire/Tmut/Pois 3%         N/A       98%         3
 Ozocubu's Armour         Ice            3%         N/A       98%         3
 Sigil of Binding         Hex            3%         N/A       98%         3
 Swiftness                Air            3%         N/A       98%         3
 Tukima's Dance           Hex            3%         N/A       98%         3
 Vampiric Draining        Necr           3%         2d6       98%         3
 Dispersal                Tloc           13%        N/A       98%         6
 Fulminant Prism          Conj/Hex       3%         3d5       99%         4
 Sticky Flame             Conj/Fire      7%         2d3       99%         4
 Summon Forest            Summ/Tloc      7%         N/A       99%         5
 Airstrike                Air            1%         2d(1-17)  100%        4
 Anguish                  Hex/Necr       1%         N/A       100%        4
 Animate Armour           Summ/Erth      6%         N/A       100%        4
 Animate Dead             Necr           3%         N/A       100%        4
 Cause Fear               Hex            1%         N/A       100%        4
 Leda's Liquefaction      Hex/Erth       1%         N/A       100%        4
 Petrify                  Tmut/Erth      3%         N/A       100%        4
 Summon Lightning Spire   Summ/Air       3%         N/A       100%        4
 Alistair's Intoxication  Tmut/Pois      2%         N/A       100%        5
 Freezing Cloud           Conj/Ice/Air   2%         6-21      100%        5
 Irradiate                Conj/Tmut      3%         3d12      100%        5
 Lee's Rapid Deconstruct  Erth           1%         3d4*      100%        5
 Metabolic Englaciation   Hex/Ice        1%         N/A       100%        5
 Silence                  Hex/Air        1%         N/A       100%        5
 Yara's Violent Unravell  Hex/Tmut       1%         3d3       100%        5
 Conjure Ball Lightning   Conj/Air       3%         3x3d6     100%        6
 Death Channel            Necr           1%         N/A       100%        6
 Eringya's Noxious Bog    Tmut/Pois      1%         4d6       100%        6
 Simulacrum               Ice/Necr       1%         N/A       100%        6
 Enfeeble                 Hex            1%         N/A       100%        7
 Haunt                    Necr/Summ      1%         N/A       100%        7
 Spellforged Servitor     Conj/Summ      3%         N/A       100%        7
 Summon Hydra             Summ           1%         N/A       100%        7
 Discord                  Hex            1%         N/A       100%        8
 Disjunction              Tloc           13%        N/A       100%        8
 Ignition                 Fire           1%         3d3       100%        8
 Infestation              Necr           1%         N/A       100%        8
 Lehudib's Crystal Spear  Conj/Erth      3%         10d3      100%        8
 Maxwell's Capacitive Co  Air            1%         ∞         100%        8
 Chain Lightning          Conj/Air       3%         3d4       100%        9
 Fire Storm               Conj/Fire      3%         8d1       100%        9
 Shatter                  Erth           1%         3d6*      100%        9


Dungeon Overview and Level Annotations

Branches:
Dungeon (15/15)            Temple (1/1) D:4            Lair (5/5) D:8
 Shoals (4/4) Lair:2        Snake (4/4) Lair:3        Slime (0/5) Lair:4
    Orc (2/2) D:11            Elf (3/3) Orc:2        Vaults (4/5) D:14
  Crypt (0/3) Vaults:2     Depths (0/4) D:15        Ossuary (visited)
  IceCv (visited)

Altars:
Ashenzari
Cheibriados
Dithmenos
Elyvilon
Fedhas
Gozag
Hepliaklqana
Kikubaaqudgha
Makhleb
Nemelex Xobeh
Okawaru
Qazlal
Ru
Sif Muna
Trog
Uskayaw
Vehumet
Wu Jian
Xom
Yredelemnul
Zin
The Shining One
Beogh
Jiyva

Shops:
D:8 :   D:10 *   D:15 (   Orc:1 (:?[*   Orc:2 ?!(:   Elf:1 =   Snake:4 :?

Annotations:
Lair:2 exclusion: 2 oklob plants
Lair:4 1 runed translucent door


Innate Abilities, Weirdness & Mutations

You occasionally shout uncontrollably at your foes.


Message History

The Tzitzimitl calls on the powers of darkness!
Your body is wracked with pain!
* * * LOW HITPOINT WARNING * * *
You slash the +0 antimagic glaive!
The +0 antimagic glaive is severely damaged.
The +0 antimagic glaive is engulfed in blazing flames.
You block the +0 antimagic glaive's attack.
You hit the +0 antimagic glaive but do no damage.
The +0 antimagic glaive is severely damaged.
You hit the Tzitzimitl.
The +0 antimagic glaive is engulfed in blazing flames.
The +0 antimagic glaive completely misses you.
You closely miss the +0 antimagic glaive.
The +0 antimagic glaive is almost destroyed.
You barely miss the Tzitzimitl.
The Tzitzimitl is engulfed in a thunderstorm.
You block the Tzitzimitl's attack. x2
You barely miss the +0 antimagic glaive.
The +0 antimagic glaive is almost destroyed.
You hit the Tzitzimitl.
The +0 antimagic glaive is engulfed in blazing flames.
The +0 antimagic glaive hits you!
* * * LOW HITPOINT WARNING * * *
You feel your power leaking away.
The Tzitzimitl is engulfed in a thunderstorm.
The Tzitzimitl engulfs you but does no damage.
You block the Tzitzimitl's attack.
You slice the +0 antimagic glaive!!
The +0 antimagic glaive falls from the air.
Qazlal accepts your kill.
You completely miss the Tzitzimitl. You hit the Tzitzimitl.
The Tzitzimitl is moderately wounded.
The Tzitzimitl gestures at you. The bolt of negative energy hits you!!
You feel drained.
* * * LOW HITPOINT WARNING * * *
You fade into invisibility!
The Tzitzimitl gestures at you. The bolt of negative energy hits you!!
You feel drained.
You die...

#.......# #)......#####..e..#
#.[)....# #.).....# ###.###
#'#..#########'.....## ###
.#####.....##.##...#'###### ##
##.=...#)###'####(#...## #
#.......## #.# ##.....##
##.......####'####.......#
#.........#.1°..##..)....##### #
##.......##§§@.○##^.....)..^.# #
#.......#..§°...##^....#.^.^# #
##.....##.§..°§.###1..##..^.# #
##'.....#.........###'###....#
##.##'#####.......## #)##.e.§.#
##.###.# ##'.......####)##..^..'
##.## #.###.##.....##...)...^.§)'
#.#####'##.###.....##..)))...^..'
.## #...#'## ###'####...........#


You could see a Tzitzimitl.

Vanquished Creatures
  Sojobo (Vaults:4)
  Boris (Vaults:4)
  Vashnia (Snake:2)
  Mlioglotl (Snake:2)
  Jorgrun (Elf:2)
  2 liches (Vaults:4)
  2 deep elf blademasters
  2 deep elf master archers (Elf:3)
  3 sphinxes (Vaults:4)
  A kraken (Shoals:3)
  3 tengu reavers (Vaults:4)
  Frances (Snake:2)
  Kirke (D:13)
  Aizul (Snake:2)
  4 nagarajas
  9 vault wardens
  3 deep elf elementalists (Elf:3)
  2 orc warlords
  10 deep elf sorcerers
  A curse skull (Vaults:2)
  A ghoul (Vaults:2)
  14 ironbound preservers
  3 formless jellyfish
  5 ironbound thunderhulks
  6 deep elf demonologists
  The ghost of Tacw the Black Belt, a journeyman MeSh of Nemelex Xobeh (Lair:3)
  8 deep elf annihilators
  16 dire elephants
  2 crystal guardians (Vaults:2)
  Josephine (D:15)
  2 entropy weavers
  3 deep elf death magi
  9 yaktaur captains
  4 merfolk javelineers (Shoals:4)
  4 deep elf high priests (Elf:3)
  An ettin (D:15)
  8 merfolk impalers
  4 great orbs of eyes
  3 hydras
  2 vault guards (Vaults:2)
  4 salamander tyrants
  3 peacekeepers
  Erolcha (Orc:1)
  6 ironbound frosthearts
  4 merfolk aquamancers
  2 alligator snapping turtles
  A death knight (Vaults:2)
  16 anacondas
  A merfolk avatar (Lair:5)
  4 boulder beetles
  A catoblepas (Lair:4)
  2 ogre magi (Orc:2)
  8 centaur warriors
  5 satyrs
  3 two-headed ogres
  23 naga warriors
  37 dancing weapons
  8 tengu warriors
  3 death yaks (Lair:5)
  An orc high priest (Elf:2)
  A deep troll earth mage (Vaults:4)
  11 naga sharpshooters
  21 deep elf knights
  12 shock serpents
  4 salamander mystics
  14 sea snakes
  2 skysharks (Shoals:2)
  47 deep trolls
  4 naga ritualists
  14 deep elf archers
  2 glowing orange brains
  6 lindwurms
  22 harpies
  A bog body (IceCv)
  3 necromancers
  10 arcanists
  Pikel (D:5)
  12 ironbound convokers
  27 deep elf zephyrmancers
  35 ugly things
  27 deep elf pyromancers
  A wolf spider (D:13)
  4 orc knights (Vaults:4)
  14 fauns
  13 manticores
  11 mana vipers
  7 orc sorcerers (Orc:2)
  5 cyclopes
  A fire giant zombie (Vaults:1)
  18 salamanders
  A water nymph (Shoals:2)
  15 naga magi
  2 human skeletons (Vaults:1)
  6 elephants
  14 guardian serpents
  2 ice statues (IceCv)
  6 merfolk sirens
  22 vault sentinels
  44 black mambas
  2 unseen horrors
  2 torpor snails
  Psyche (D:8)
  2 kobold demonologists (D:9)
  30 yaktaurs
  A komodo dragon (shapeshifter) (D:14)
  2 freezing wraiths
  8 komodo dragons
  9 rime drakes
  19 cane toads
  3 anaconda simulacra (IceCv)
  An efreet (D:15)
  4 ice devils (IceCv)
  3 tengu conjurers
  26 merfolk
  3 meliai (D:13)
  3 polar bears
  6 hornets
  10 trolls
  A tarantella (Vaults:3)
  18 blink frogs
  A blink frog (shapeshifter) (Elf:3)
  9 wind drakes
  50 slime creatures
  11 snapping turtles
  2 centaur simulacra (D:10)
  3 shadows
  2 dire elephant simulacra (IceCv)
  A vampire (D:14)
  2 air elementals
  10 water elementals
  Sigmund (D:3)
  4 wyverns
  5 wraiths
  9 basilisks
  75 yaks
  A human (D:13)
  7 fire elementals
  A redback (Vaults:1)
  3 steam dragons
  A death yak simulacrum (Lair:3)
  2 hogs (D:13)
  A catoblepas simulacrum (Lair:3)
  A human (shapeshifter) (Elf:3)
  3 vampire mosquitoes (D:13)
  2 harpy simulacra (IceCv)
  4 acid dragons
  A warg (Orc:1)
  2 glowing shapeshifter zombies (Vaults:1)
  57 nagas
  15 water moccasins
  3 hydra simulacra (IceCv)
  A sky beast (shapeshifter) (Elf:2)
  28 orc warriors
  A sky beast (D:7)
  2 black bears
  3 meliai simulacra
  5 ice beasts
  6 ogres (Orc:1)
  5 wolves
  17 centaurs
  3 kobold brigands
  9 bullfrogs
  5 gnoll sergeants
  2 elf zombies (Ossuary)
  7 earth elementals
  4 cane toad simulacra (Lair:3)
  5 scorpions
  A two-headed ogre simulacrum (IceCv)
  9 wights
  2 blink frog simulacra (Lair:3)
  An elephant simulacrum (IceCv)
  7 killer bees
  6 howler monkeys
  7 electric eels
  A komodo dragon simulacrum (Lair:3)
  17 orc priests
  3 gnoll boudas
  2 hounds
  A jelly (D:6)
  An iguana (D:7)
  A sleepcap (D:4)
  53 orc wizards
  5 hell rats (Lair:4)
  5 wolf simulacra
  A hound zombie (Ossuary)
  4 mummies (Ossuary)
  Robin (D:3)
  7 adders
  20 gnolls
  8 white imps
  An ufetubus (D:10)
  A worm (D:3)
  4 dart slugs
  100 orcs
  10 ball pythons
  6 endoplasms
  7 giant cockroaches
  3 gnoll zombies (Ossuary)
  16 goblins
  10 hobgoblins
  4 jackals (D:4)
  17 kobolds
  A quokka (D:4)
  5 bats
  3 frilled lizards
  A goblin zombie (Ossuary)
  A hobgoblin zombie (Ossuary)
  A kobold zombie (Ossuary)
  An orc zombie (Ossuary)
  3 rats
  2 rat zombies (Ossuary)
  2 butterflies (Lair:4)
  2 tentacles (Shoals:3)
1652 creatures vanquished.

Vanquished Creatures (collateral kills)
  Nergalle (Orc:2)
1 creature vanquished.

Vanquished Creatures (others)
  An eldritch tentacle (Elf:3)
  The ghost of Eugor the Eclecticist, an adept DECj of Vehumet (Elf:3)
  2 deep elf archers
  An arcanist (Vaults:4)
  A deep elf pyromancer (Elf:2)
  A black mamba (Snake:2)
  A hornet (Lair:5)
  An air elemental (Elf:3)
  2 water elementals (Elf:3)
  2 humans (D:13)
  An orc wizard (D:14)
  2 white imps
  2 orcs (Orc:2)
  5 tentacles (Shoals:3)
23 creatures vanquished.

Grand Total: 1676 creatures vanquished

Notes
Turn   | Place    | Note
-------+----------+-------------------------------------------
     0 | D:1      | Spaninq the Hill Orc Reaver began the quest for the Orb.
     0 | D:1      | Reached XP level 1. HP: 18/18 MP: 3/3
   128 | D:1      | Reached XP level 2. HP: 21/25 MP: 4/4
   588 | D:1      | Reached skill level 5 in Axes
   702 | D:2      | Reached XP level 3. HP: 31/31 MP: 5/5
  1598 | D:3      | Reached XP level 4. HP: 38/38 MP: 6/6
  1640 | D:3      | Reached skill level 1 in Armour
  1648 | D:3      | Noticed Sigmund
  1671 | D:3      | Killed Sigmund
  1672 | D:3      | Reached XP level 5. HP: 22/47 MP: 7/7
  1672 | D:3      | Reached XP level 6. HP: 25/53 MP: 8/8
  1726 | D:3      | Noticed Robin
  1744 | D:3      | Killed Robin
  1801 | D:3      | Found a glowing golden altar of the Shining One.
  2585 | D:4      | Found a staircase to the Ecumenical Temple.
  2591 | Temple   | Entered the Ecumenical Temple
  2623 | Temple   | Became a worshipper of Qazlal Stormbringer
  2790 | D:4      | Reached XP level 7. HP: 39/60 MP: 9/9
  2806 | D:4      | Reached skill level 5 in Fighting
  2924 | D:4      | Noticed a steam dragon
  2945 | D:4      | Killed a steam dragon
  3361 | D:4      | Found a shimmering altar of Xom.
  3658 | D:5      | Entered Level 5 of the Dungeon
  3681 | D:5      | Identified 2 scrolls of acquirement
  3681 | D:5      | Acquired 1017 gold pieces
  3683 | D:5      | Acquired the +5 kite shield "Puthroagra" {+Inv rF+ rC+
                  | Str+3}
  3758 | D:5      | Found a sand-covered staircase.
  3763 | Ossuary  | Entered an ossuary
  3822 | Ossuary  | Reached * piety under Qazlal
  3841 | Ossuary  | Reached skill level 1 in Shields
  3841 | Ossuary  | Reached XP level 8. HP: 61/70 MP: 10/10
  4489 | D:5      | Noticed Pikel
  4523 | D:5      | Killed Pikel
  4524 | D:5      | Reached skill level 10 in Axes
  5221 | D:6      | Reached XP level 9. HP: 8/78 MP: 11/11
  5231 | D:6      | Reached skill level 5 in Shields
  5819 | D:6      | Reached ** piety under Qazlal
  6897 | D:7      | Reached XP level 10. HP: 80/88 MP: 12/12
  6905 | D:7      | Reached *** piety under Qazlal
  7279 | D:7      | Found a sparkling altar of Nemelex Xobeh.
  7424 | D:7      | Found a shadowy altar of Dithmenos.
  8075 | D:8      | Noticed Psyche
  8085 | D:8      | Killed Psyche
  8519 | D:8      | Found Puoprajil's Tremendous Tomes.
  8690 | D:8      | Found a staircase to the Lair.
  9054 | D:9      | Reached **** piety under Qazlal
  9055 | D:9      | Reached skill level 1 in Invocations
  9057 | D:9      | Reached XP level 11. HP: 82/97 MP: 13/13
  9299 | D:9      | Reached skill level 10 in Shields
  9854 | D:9      | Reached skill level 15 in Axes
  9914 | D:9      | Found an opulent altar of Gozag.
 10056 | D:10     | Entered Level 10 of the Dungeon
 10063 | D:10     | Reached skill level 5 in Armour
 10065 | D:10     | Reached skill level 10 in Fighting
 10098 | D:10     | Found a basalt altar of Yredelemnul.
 10104 | D:10     | Reached ***** piety under Qazlal
 10207 | D:10     | Noticed a two-headed ogre
 10220 | D:10     | Killed a two-headed ogre
 10514 | D:10     | Reached XP level 12. HP: 107/107 MP: 15/15
 10518 | D:10     | Reached skill level 5 in Invocations
 10520 | D:10     | Found Iviwonom's General Store.
 10528 | D:10     | Bought a potion of curing for 36 gold pieces
 10528 | D:10     | Bought a potion of heal wounds for 60 gold pieces
 10528 | D:10     | Bought a potion of lignification for 36 gold pieces
 10528 | D:10     | Bought a scroll of teleportation for 36 gold pieces
 10603 | D:10     | Found a shimmering blue altar of Sif Muna.
 11047 | D:11     | Noticed a two-headed ogre
 11056 | D:11     | Killed a two-headed ogre
 11388 | D:11     | Found a staircase to the Orcish Mines.
 11492 | Orc:1    | Entered Level 1 of the Orcish Mines
 11609 | Orc:1    | Found Mucy's Weapon Emporium.
 11680 | Orc:2    | Entered Level 2 of the Orcish Mines
 11681 | Orc:2    | Noticed an orc warlord
 11825 | Orc:1    | Killed an orc warlord
 12137 | Orc:2    | Found a staircase to the Elven Halls.
 12382 | Orc:1    | Noticed Erolcha
 12382 | Orc:1    | Found Urruecvy's General Store.
 12413 | Orc:1    | Killed Erolcha
 12430 | Orc:1    | Bought a potion of might for 64 gold pieces
 12430 | Orc:1    | Bought a potion of cancellation for 128 gold pieces
 12507 | Orc:1    | Found Uwkoam's Magic Scroll Boutique.
 12507 | Orc:1    | Found Coplof's Armour Boutique.
 12507 | Orc:1    | Found Cophuq's Book Shoppe.
 12525 | Orc:1    | Reached ****** piety under Qazlal
 12551 | Orc:1    | Bought a scroll of teleportation for 48 gold pieces
 12551 | Orc:1    | Bought a scroll of teleportation for 48 gold pieces
 12551 | Orc:1    | Bought a scroll of fear for 64 gold pieces
 12572 | Orc:1    | Bought a +0 cloak for 63 gold pieces
 12938 | Orc:2    | Noticed an ogre mage
 12941 | Orc:2    | Found Lupt's Distillery.
 12945 | Orc:2    | Killed an ogre mage
 12946 | Orc:2    | Reached XP level 13. HP: 116/116 MP: 18/18
 12971 | Orc:2    | Found a radiant altar of Vehumet.
 12996 | Orc:2    | Found Jufosezu's Antique Weapon Emporium.
 13004 | Orc:2    | Paralysed by an orc sorcerer for 5 turns
 13017 | Orc:2    | Noticed Nergalle
 13021 | Orc:2    | Bought a shimmering flail for 280 gold pieces
 13021 | Orc:2    | Identified the +4 flail of Objectivity {flame, rF+ rC++}
                  | (You bought it in a shop on level 2 of the Orcish Mines)
 13041 | Orc:2    | Killed Nergalle
 13045 | Orc:2    | Found an ancient bone altar of Kikubaaqudgha.
 13071 | Orc:2    | Found Nuf Veosk's Magic Scroll Shoppe.
 13077 | Orc:2    | Bought a scroll of teleportation for 39 gold pieces
 13097 | Orc:2    | Bought a potion of mutation for 88 gold pieces
 13097 | Orc:2    | Bought 2 potions of might for 88 gold pieces
 13097 | Orc:2    | Bought a potion of heal wounds for 55 gold pieces
 13097 | Orc:2    | Bought a potion of curing for 33 gold pieces
 13097 | Orc:2    | Bought a potion of curing for 33 gold pieces
 13097 | Orc:2    | Bought a potion of mutation for 88 gold pieces
 13097 | Orc:2    | Bought a potion of curing for 33 gold pieces
 13232 | Orc:2    | Found a roughly hewn altar of Beogh.
 13232 | Orc:2    | Found Olluzoo's Book Emporium.
 13344 | Orc:2    | Bought a manual of Invocations for 880 gold pieces
 13584 | Lair:1   | Entered Level 1 of the Lair of Beasts
 13613 | Lair:1   | Reached skill level 10 in Armour
 15127 | Lair:2   | Reached skill level 10 in Invocations
 15149 | Lair:2   | Identified the +4 rapier "Wavuc" {vamp, MP+9}
 15188 | Lair:2   | Found a staircase to the Shoals.
 15201 | Lair:2   | Reached XP level 14. HP: 115/127 MP: 21/21
 16199 | Lair:2   | Found a staircase to the Shoals.
 16752 | Lair:3   | Found a runed translucent gate.
 16752 | Lair:3   | Found a runed translucent gate.
 16752 | Lair:3   | Found a runed translucent gate.
 16772 | Lair:3   | Reached skill level 1 in Evocations
 16851 | Lair:3   | Found a frozen archway.
 16878 | IceCv    | Entered an ice cave
 17409 | IceCv    | Got Sif Muna's Compendium of the Deep Freeze
 17611 | Lair:3   | Found a staircase to the Snake Pit.
 18106 | Lair:3   | Noticed Tacw's ghost (journeyman MeSh)
 18136 | Lair:3   | Killed Tacw's ghost
 18189 | Lair:3   | Got the ring of Kuemezas {Fire rN+ Stlth+}
 18593 | Lair:4   | Found a runed translucent door.
 18593 | Lair:4   | Found a viscous altar of Jiyva.
 18593 | Lair:4   | Noticed an acid blob
 18595 | Lair:4   | Noticed an acid blob
 18596 | Lair:4   | Noticed an acid blob
 18597 | Lair:4   | Found a staircase to the Slime Pits.
 18653 | Lair:4   | Identified the ring of Balance {rF+++ MP+9 Str+3}
 18982 | Lair:5   | Entered Level 5 of the Lair of Beasts
 19098 | Lair:5   | Reached XP level 15. HP: 76/136 MP: 24/24
 19503 | Lair:5   | Got the Spellbook of Plutonic Hoarfrost
 19550 | Lair:5   | Reached skill level 5 in Dodging
 20084 | Lair:5   | Got the Folio of Obstruction
 21285 | D:13     | Noticed Kirke
 21304 | D:13     | Killed Kirke
 21383 | D:13     | Reached skill level 5 in Evocations
 22582 | D:13     | Found a runed translucent door.
 22582 | D:13     | Found a runed translucent door.
 23031 | D:13     | Got the Vellum of Energy
 23412 | D:14     | Identified the +1 cloak of Refuge {Dex+3}
 23657 | D:14     | Reached skill level 15 in Invocations
 23753 | D:14     | Found a gate to the Vaults.
 24152 | D:15     | Entered Level 15 of the Dungeon
 24157 | D:15     | Found a sacrificial altar of Ru.
 24174 | D:15     | Found Libleil's Antique Weapon Shoppe.
 24184 | D:15     | Bought an iridescent hand axe for 280 gold pieces
 24184 | D:15     | Identified the +9 hand axe of the First Knives {venom, rC+
                  | rN+ Int-2} (You bought it in a shop on level 15 of the
                  | Dungeon)
 24212 | D:15     | Reached XP level 16. HP: 130/147 MP: 27/27
 24429 | D:15     | Found a staircase to the Depths.
 24586 | D:15     | Identified the +4 hand axe "Goblinslayer" {holy, Will+}
 24692 | D:15     | Noticed Josephine
 24704 | D:15     | Killed Josephine
 25218 | Snake:1  | Entered Level 1 of the Snake Pit
 25234 | Snake:1  | Reached skill level 15 in Fighting
 25373 | Snake:1  | Identified the +9 battleaxe of the Wicked God {drain, Fly
                  | rCorr Str-3 Int-2}
 25596 | Snake:1  | Noticed a nagaraja
 25613 | Snake:1  | Killed a nagaraja
 25824 | Snake:1  | You are sucked into a shaft and drop 1 floor!
 25828 | Snake:2  | Identified the serpent talisman "Ebbucekh" {Slay+2}
 25828 | Snake:2  | Noticed Aizul
 25849 | Snake:2  | HP: 5/149 [Aizul/poison arrow (18)]
 25857 | Snake:2  | Noticed Vashnia
 25866 | Snake:2  | HP: 3/149 [naga sharpshooter/bolt (10)]
 25870 | Snake:2  | Noticed Mlioglotl
 25893 | Snake:2  | Killed Mlioglotl
 25900 | Snake:2  | Noticed Frances
 25910 | Snake:2  | Noticed a nagaraja
 25928 | Snake:2  | Killed Frances
 26018 | Snake:2  | Killed Vashnia
 26019 | Snake:2  | Reached XP level 17. HP: 144/156 MP: 29/29
 26659 | Snake:2  | Killed Aizul
 28280 | Snake:4  | Entered Level 4 of the Snake Pit
 28303 | Snake:4  | Reached skill level 15 in Shields
 28394 | Snake:4  | Identified the +0 pair of gloves "Geaner" {-Tele rElec
                  | Will++ rCorr}
 28464 | Snake:4  | Reached skill level 15 in Armour
 28621 | Snake:4  | Reached XP level 18. HP: 168/168 MP: 31/31
 28860 | Snake:4  | Found Iroetu's Magic Scroll Shop.
 28860 | Snake:4  | Found Yneivawn's Book Boutique.
 28871 | Snake:4  | Bought a scroll of teleportation for 36 gold pieces
 28871 | Snake:4  | Bought a scroll of enchant weapon for 90 gold pieces
 28871 | Snake:4  | Bought a scroll of blinking for 90 gold pieces
 28871 | Snake:4  | Bought a scroll of enchant weapon for 90 gold pieces
 29577 | Snake:4  | Got a serpentine rune of Zot
 29814 | Shoals:1 | Entered Level 1 of the Shoals
 29855 | Shoals:1 | Acquired a manual of Armour
 29926 | Shoals:1 | Found an iron altar of Okawaru.
 30056 | Shoals:1 | Identified the +6 hand axe of Duty {flame, *Slow rPois rC+
                  | Int+2}
 31585 | Shoals:3 | Reached skill level 10 in Evocations
 31721 | Shoals:3 | Reached XP level 19. HP: 177/177 MP: 32/32
 32338 | Shoals:4 | Entered Level 4 of the Shoals
 32861 | Shoals:4 | Got the Cyclopedia of Spectres
 33180 | Shoals:4 | Got a barnacled rune of Zot
 33685 | Vaults:1 | Entered Level 1 of the Vaults
 34386 | Vaults:1 | Reached XP level 20. HP: 176/187 MP: 33/33
 34391 | Vaults:1 | Reached skill level 10 in Dodging
 34402 | Vaults:1 | Learned a level 2 spell: Momentum Strike
 34677 | Vaults:1 | Reached skill level 1 in Translocations
 35669 | Vaults:2 | Found a staircase to the Crypt.
 35827 | Vaults:2 | Identified the +4 spear "Tiynesu" {heavy, rN+}
 36364 | Vaults:3 | Reached skill level 5 in Translocations
 36903 | Vaults:3 | Reached XP level 21. HP: 188/195 MP: 34/34
 37208 | Vaults:4 | Learned a level 4 spell: Passage of Golubria
 37217 | Vaults:4 | Got the Writings on Congregated Vapour
 37503 | Vaults:4 | Noticed Boris
 37523 | Vaults:4 | Killed Boris
 37761 | Vaults:4 | Noticed Sojobo
 37809 | Vaults:4 | Killed Sojobo
 38472 | Elf:1    | Entered Level 1 of the Elven Halls
 38581 | Elf:1    | Found Lozxai's Jewellery Shoppe.
 38883 | Elf:1    | Paralysed by an air elemental for 1 turns
 39646 | Elf:2    | Found a runed translucent gate.
 39646 | Elf:2    | Found a runed translucent gate.
 39646 | Elf:2    | Found a runed translucent gate.
 39660 | Elf:2    | Reached XP level 22. HP: 193/206 MP: 35/35
 39899 | Elf:2    | Noticed Jorgrun
 39918 | Elf:2    | Killed Jorgrun
 40279 | Elf:3    | Entered Level 3 of the Elven Halls
 40455 | Elf:3    | Reached skill level 5 in Spellcasting
 40480 | Elf:3    | Gained mutation: You occasionally shout uncontrollably at
                  | your foes. [a cacodemon]
 40679 | Elf:3    | Found a runed translucent gate.
 40680 | Elf:3    | Found a runed translucent gate.
 40682 | Elf:3    | Found a runed translucent gate.
 40682 | Elf:3    | Noticed Eugor's ghost (adept DECj)
 41229 | Elf:3    | Identified the +4 morningstar "Rotas" {pain, rPois Int+2
                  | SInv}
 41265 | Elf:3    | Identified the +1 chain mail "Noczouni" {rCorr Slay+2}
 41266 | Elf:3    | Identified the ring "Soivvaago" {rC+ Will+}
 41303 | Elf:3    | Identified the +0 plate armour of Inaction {Dex+4}
 41522 | Elf:3    | Got the Volume of Breath
 41526 | Elf:3    | Identified the +1 dagger of Blood {freeze, *Noise rElec
                  | rN++ rCorr}
 41657 | Elf:3    | Killed Eugor's ghost
 41675 | Elf:3    | HP: 6/185 [Tzitzimitl/bolt of negative energy[a Zot trap]
                  | (40)]
 41712 | Elf:3    | HP: 8/178 [Tzitzimitl/bolt of negative energy[a Zot trap]
                  | (25)]
 41713 | Elf:3    | Killed from afar by a Tzitzimitl

Illustrated notes

Levels and vault maps discovered:
D:1:      shiori_shiawase, layout_loops_ring
D:2:      layout_basic
D:3:      layout_rooms, lemuel_tele_altar, uniq_sigmund, uniq_robin
D:4:      layout_loops_cross, tgw_xom, minmay_temple_entry_waves
D:5:      layout_basic, enter_ossuary_5, uniq_pikel
D:6:      layout_rooms, serial_corexii_hall, corexii_hall_statues_deadend,
          corexii_hall_statues_x
D:7:      layout_basic, nemelex_diamond_rough_becter,
          mainiacjoe_overflow_alcove_2
D:8:      layout_layer_cave, lair_entry_dummy, nicolae_shop_i_like_big_books,
          nicolae_titane, uniq_psyche
D:9:      minmay_four_partial_circles, layout_long_grid,
          nicolae_overflow_hidden_temple, kennysheep_minor_cross
D:10:     layout_big_octagon, kennysheep_orc_sif_temple,
          mainiacjoe_overflow_tiny_flanked, serial_shops, shop_statue,
          serial_ice, serial_ice_h, serial_ice_j, serial_ice_g, serial_ice_e
D:11:     layout_rooms, hiddenorc1_lemuel, hangedman_abyss_or_decor_clamps
D:12:     layout_irregular_city
D:13:     minmay_the_grid_four_pointed_star_mashed
          [minmay_the_grid_triangle_9x9_limited_checkers,
          minmay_the_grid_triangle_9x9_zippers_horizontal,
          minmay_the_grid_triangle_9x9_intruding_spiral,
          minmay_the_grid_triangle_9x9_tough_junction,
          minmay_the_grid_prize_trominoes], layout_loops_ring, uniq_kirke
D:14:     layout_basic, david_vaults_2, grunt_decor_junction
D:15:     hangedman_depths_entry_civil_slaughter, layout_loops_cross,
          nicolae_lava_and_water, serial_shops, shop, nicolae_ru_awakened_eye,
          uniq_josephine
Temple:   eino_wide_crystal_templ
Lair:1:   layout_gridlike, grunt_megastairs_1, serial_bayou_shore_a
Lair:2:   minmay_lair_oklob_tunnel, layout_hall_layers,
          nicolae_shoals_entry_roost, grunt_megastairs_4
Lair:3:   layout_small_grid, dummy_snake_entry,
          portal_ice_cave_entry_ice_simulacra, gammafunk_ghost_icy
Lair:4:   layout_cave_shapes, slime_entry_2, infiniplex_staircase_pool_2,
          lemuel_fruit_fields
Lair:5:   gammafunk_lair_ancient_temple, layout_hall_layers, serial_bayou,
          serial_bayou_pond_d, serial_bayou_ford_a, serial_bayou_lagoon_a,
          serial_bayou_lake_a
Shoals:1: layout_shoals, lemuel_altar_in_water
Shoals:2: nicolae_shoals_island_circles, layout_shoals
Shoals:3: layout_shoals, nicolae_shoals_kraken_intersection
Shoals:4: shoals_end_grunt_garden, layout_shoals, nicolae_shoals_seven_spires
Snake:1:  kennysheep_six_static_rooms, layout_grid_shapes
Snake:2:  layout_misc_corridors, uniq_vashnia, uniq_aizul, uniq_mlioglotl,
          uniq_frances
Snake:3:  layout_chambers, nicolae_snake_shapes
Snake:4:  snake_pit_salamanders_mu, layout_cave_town, minmay_shoptagon
Orc:1:    layout_diamond_mine, serial_shops, shop, shop, shop,
          nicolae_shop_tiny_statue_garden, nicolae_shop_pleasant_corner_grove,
          uniq_erolcha
Orc:2:    kennysheep_orc_mage_school, layout_caves, guppyfry_library_mini
Elf:1:    kennysheep_ambush_hall, layout_loops_cross, serial_shops,
          nicolae_shop_tiny_glass, hangedman_elven_crosses_minicolossus
Elf:2:    elven_hall_of_blades_hangedman_original
          [nicolae_blade_entry_sentries_behind_glass], layout_rooms,
          uniq_jorgrun
Elf:3:    minmay_elf_hall_curves, layout_geoelf_octagon,
          gammafunk_ghost_tricky_traps
Vaults:1: vaults_mumra_hex, nicolae_vaults_apartment_1,
          nicolae_vaults_more_shelving_1, nicolae_vaults_what_the_h, v_misc_5,
          nicolae_vaults_double_plus_3, hangedman_vaults_nodes, v_misc_18,
          nicolae_vaults_house_3, nicolae_vaults_diamond_2,
          layout_vaults_omnicross
Vaults:2: minmay_crypt_entry_simple_plaza, v_rooms_5,
          nicolae_vaults_mini_display_case, vaults_mumra_chevron_long,
          vaults_room_large_hall, nicolae_vaults_weapon_check,
          vaults_room_door_ring, v_pattern_4, vaults_dpeg_ring,
          vaults_standard_mumra_enter_the_diamond, layout_vaults_maze_snakey
Vaults:3: nicolae_vaults_network_barrier, vaults_room_large_hall,
          nicolae_vaults_apartment_2, vaults_standard_mumra_enter_the_diamond,
          hangedman_vaults_capsules, nicolae_vaults_security_offices_1,
          nicolae_vaults_little_squares_3, layout_vaults_big_room
Vaults:4: nicolae_vaults_library_corner, nicolae_vaults_network_square,
          vaults_standard_mumra_x, vaults_dpeg_spiral, nicolae_vaults_tangram_1,
          ontoclasm_vaults_eye, v_pattern_5, nicolae_vaults_meiosis, v_misc_16,
          nicolae_vaults_six-pack, nicolae_vaults_diagonal_hallway_8,
          layout_vaults_ring, uniq_sojobo, uniq_boris

Skill      XL: |  1  2  3  4  5  6  7  8  9 10 11 12 13 14 15 16 17 18 19 20 21 22 |
---------------+-------------------------------------------------------------------+-----
Fighting       | 3 4 5 6 8 9 10 11 12 13 14 15 16 17 18 19 20 | 20.0
Axes           | 5 7 9 10 12 14 15 16 17 18 19 20 | 20.8
Armour         | 2 3 6 9 11 12 13 14 15 16 19 20 | 20.3
Shields        | 1 4 7 9 10 11 12 13 14 15 16 17 | 17.4
Invocations    | 1 4 7 10 12 15 17 18 19 | 19.6
Dodging        | 2 4 6 7 8 9 10 | 10.0
Evocations     | 4 6 7 9 10 11 12 13 | 13.3
Translocations | 5 8 9 |  9.4
Spellcasting   | 2 4 5 |  5.8
Conjurations   | |  3.0

Action                     |  1- 3 |  4- 6 |  7- 9 | 10-12 | 13-15 | 16-18 | 19-21 | 22-24 || total
---------------------------+-------+-------+-------+-------+-------+-------+-------+-------++-------
  Melee: Hand axe          |    58 |       |   375 |   851 |  1592 |    36 |       |       ||  2912
         Punch             |     1 |     1 |     4 |       |       |       |       |       ||     6
         Dagger            |    53 |   209 |   152 |       |       |       |       |       ||   414
         Unarmed           |       |     6 |       |       |       |       |       |       ||     6
         Broad axe         |       |       |       |       |    18 |  1213 |  1502 |   362 ||  3095
   Cast: Passage of Golubr |       |       |       |       |       |       |       |     1 ||     1
 Invoke: Disaster Area     |       |       |       |     1 |     1 |     2 |       |       ||     4
         Elemental Force   |       |       |       |       |     1 |       |       |       ||     1
         Upheaval          |       |       |       |       |     1 |       |       |       ||     1
  Evoke: Lightning rod     |       |       |       |       |       |       |       |     5 ||     5
         Wand              |       |       |       |       |       |       |       |     1 ||     1
         Box of beasts     |       |       |       |       |       |       |       |     1 ||     1
         Phial of floods   |       |       |       |       |       |       |       |     1 ||     1
    Use: Scroll            |       |       |    18 |     3 |     8 |    13 |     2 |     3 ||    47
         Potion            |       |       |     4 |       |     2 |     9 |     2 |     8 ||    25
   Stab: Petrified         |       |       |       |       |     5 |       |       |       ||     5
         Petrifying        |       |       |       |       |     1 |       |       |       ||     1
 Armour: Leather armour    |    31 |       |       |       |       |       |       |       ||    31
         Chain mail        |    26 |   154 |   369 |   253 |    42 |       |       |       ||   844
         Skin              |       |     1 |       |       |       |       |       |       ||     1
         Plate armour      |       |       |       |       |   484 |   524 |   579 |   167 ||  1754
  Dodge: Dodged            |    62 |    62 |   170 |    80 |   148 |   231 |   268 |    59 ||  1080
         Repelled          |       |       |       |     3 |    10 |    33 |    13 |     9 ||    68
  Block: Other             |       |       |    16 |       |       |       |       |       ||    16
         Kite shield       |       |       |     9 |   713 |  1428 |  1578 |  1379 |   417 ||  5524

Table legend: (Time is in decaauts)
 A = Elapsed time spent in this place.
 B = Non-inter-level travel time spent in this place.
 C = Inter-level travel time spent in this place.
 D = Time resting spent in this place.
 E = Time spent auto-exploring this place.
 F = Levels seen in this place.
 G = Mean time per level.
                   A        B        C        D        E       F      G
               +--------+--------+--------+--------+--------+-----+--------+
         Total |  40215 |  37549 |   2666 |   1992 |  23788 |  40 | 1005.4 |
       Dungeon |  16077 |  14648 |   1429 |    719 |  10212 |  15 | 1071.8 |
        Temple |     43 |     43 |      0 |      0 |      0 |   1 |   43.0 |
          Lair |   6139 |   5763 |    376 |    278 |   4174 |   5 | 1227.8 |
        Shoals |   3518 |   3376 |    142 |    202 |   2172 |   4 |  879.5 |
     Snake Pit |   4225 |   3943 |    282 |    116 |   2320 |   4 | 1056.2 |
  Orcish Mines |   1903 |   1792 |    111 |    291 |    802 |   2 |  951.5 |
   Elven Halls |   3092 |   2992 |    100 |    184 |   1379 |   3 | 1030.7 |
        Vaults |   4389 |   4165 |    224 |    117 |   2507 |   4 | 1097.2 |
       Ossuary |    279 |    279 |      0 |      0 |     82 |   1 |  279.0 |
      Ice Cave |    547 |    547 |      0 |     85 |    139 |   1 |  547.0 |
               +--------+--------+--------+--------+--------+-----+--------+

Top non-repeatable levels by time:
  Lair:2: 2008 daAuts
    D:13: 1845 daAuts
     D:8: 1575 daAuts
 Snake:4: 1320 daAuts
   Elf:3: 1278 daAuts
Vaults:1: 1260 daAuts
  Lair:5: 1257 daAuts
     D:7: 1238 daAuts
 Snake:3: 1222 daAuts
     D:4: 1211 daAuts
     D:6: 1199 daAuts
Vaults:4: 1187 daAuts
   Orc:2: 1171 daAuts
  Lair:3: 1119 daAuts
     D:9: 1115 daAuts
